 Dungeon Crawl Stone Soup version 0.28-a0-529-g3bad584f25 (webtiles) character file.

Game seed: 18047096969457908529

21 zero the Digger (level 2, -4/15 HPs)
             Began as a Gargoyle Earth Elementalist on Sept 24, 2021.
             Slain by a gnoll (5 damage)
             ... on level 1 of the Dungeon.
             The game lasted 00:04:10 (1015 turns).

zero the Digger (Gargoyle Earth Elementalist)       Turns: 1015, Time: 00:04:10

Health: -4/15      AC:  4    Str: 11    XL:     2   Next: 87%
Magic:  3/5        EV: 11    Int: 15    God:
Gold:   15         SH:  0    Dex: 10    Spells: 2/5 levels left

rFire   . . .      SeeInvis .   a - +0 dagger
rCold   . . .      Faith    .   (no shield)
rNeg    + . .      Spirit   .   b - +0 robe
rPois   ∞          Reflect  .   (no helmet)
rElec   +          Harm     .   (no cloak)
rCorr   .          Rampage  .   (no gloves)
Will    .....                   (no boots)
Stlth   ++........              (no amulet)
HPRegen 0.05/turn               (no ring)
MPRegen 0.09/turn               (no ring)

@: no status effects
A: sickness immunity, AC +2, negative energy resistance 1, electricity
resistance, torment resistance 1, petrification resistance
a: no special abilities


You were on level 1 of the Dungeon.
You visited 1 branch of the dungeon, and saw 2 of its levels.

You collected 15 gold pieces.

Inventory:

Hand Weapons
 a - a +0 dagger (weapon)
Missiles
 c - 93 stones
 d - 13 sling bullets
 f - 19 bolts
Armour
 b - a +0 robe (worn)
Scrolls
 g - a scroll of teleportation {unknown}
Potions
 e - a potion of haste {unknown}
 h - a potion of invisibility {unknown}


   Skills:
 - Level 1.5 Dodging
 - Level 2.1 Stealth
 + Level 2.4 Spellcasting
 + Level 1.0 Transmutations
 * Level 4.2 Earth Magic


You had 2 spell levels left.
You knew the following spells:

 Your Spells              Type           Power      Damage    Failure   Level
a - Sandblast             Erth           28%        2d8       3%          1
b - Passwall              Tmut/Erth      7%         N/A       11%         2

Your spell library contained the following spells:

 Spells                   Type           Power      Damage    Failure   Level
 Stone Arrow              Conj/Erth      16%        3d8       26%         3
 Petrify                  Tmut/Erth      9%         N/A       56%         4
 Cause Fear               Hex            0%         N/A       91%         4
 Dragon Form              Tmut           2%         N/A       100%        7
 Dragon's Call            Summ           0%         N/A       100%        9


Dungeon Overview and Level Annotations

Branches:
Dungeon (2/15)

Altars:


Innate Abilities, Weirdness & Mutations

You are immune to sickness and miasma.
Your stone body is resilient. (AC +2)
You are immune to poison.
You resist negative energy. (rN+)
You are resistant to electric shocks. (rElec)
You are resistant to unholy torment.
You are immune to petrification.


Message History

(D) Dungeon
Where to? (? - help)
There is a stone staircase leading down here.
You climb downwards.
There is a stone staircase leading up here.
You climb upwards.
There is a stone staircase leading down here.
There is a stone staircase leading down here.
You climb downwards.
There is a stone staircase leading up here.
You climb upwards.
There is a stone staircase leading down here.
There is a stone staircase leading down here.
You climb downwards.
The gnoll shouts! x2; The hobgoblin shouts!
The gnoll shouts!
The hobgoblin closely misses you. The gnoll closely misses you.
Found 13 bolts.
There is a stone staircase leading up here.
The hobgoblin hits you but does no damage.
The gnoll barely misses you. x2; The gnoll hits you with a +0 whip.
You climb upwards.
There is a stone staircase leading down here.
The gnoll hits you with a +0 club. The gnoll hits you with a +0 flail!
Ouch! That really hurt!
* * * LOW HITPOINT WARNING * * *
The gnoll barely misses you. The gnoll barely misses you.
Casting: Sandblast (safe; 3% risk of failure)
Confirm with . or Enter, or press ? or * to list all spells.
Aiming: Passwall (safe; 11% risk of failure)
Press: ? - help, Dir - move target A rock wall.
The gnoll hits you with a +0 club.
* * * LOW HITPOINT WARNING * * *
You begin to meditate on the wall.
You continue meditating on the rock.
The hobgoblin barely misses you.
You continue meditating on the rock.
The gnoll closely misses you. The hobgoblin misses you.
The gnoll hits you with a +0 flail.
You die...

.... #....##.##.... ########
##.P.# #....#####.... .......#
######## #.............
.......####....#.###.........#...
.............................#...
..............#..............#...
.......#...>.....................
####............####..........###
#...........g@##..............
#...........gg#...........#...
#............g..#.............
#..............###.........÷..
#.........#.#..###..........##
#........#.#.#..............#
###.......#_#..###..........#
#......#.#.#...g.....>######
#.......#.#..########.......


You could see 3 gnolls and a hobgoblin.

Vanquished Creatures
  3 ball pythons (D:1)
  A bat (D:1)
  3 endoplasms (D:1)
  A giant cockroach (D:1)
  A hobgoblin (D:1)
  3 jackals (D:1)
  A kobold (D:1)
  A quokka (D:1)
  2 frilled lizards (D:1)
  A rat (D:1)
17 creatures vanquished.

Notes
Turn   | Place    | Note
-------+----------+-------------------------------------------
     0 | D:1      | zero the Gargoyle Earth Elementalist began the quest for
                  | the Orb.
     0 | D:1      | Reached XP level 1. HP: 10/10 MP: 3/3
   355 | D:1      | Reached XP level 2. HP: 15/15 MP: 3/5
   370 | D:1      | Reached skill level 1 in Transmutations
   374 | D:1      | Reached skill level 4 in Earth Magic
   462 | D:1      | Learned a level 2 spell: Passwall
   471 | D:1      | Found a faded altar of an unknown god.
  1015 | D:1      | Slain by a gnoll

Illustrated notes

Levels and vault maps discovered:
D:1:      wander_arrival_abandoned_jail, layout_rooms,
          chequers_ecumenical_altar_simple_redux, serial_aquarium,
          aquarium_bridge_long_joined [aquarium_subvault_wall,
          aquarium_subvault_bridge, aquarium_subvault_wall,
          aquarium_subvault_balcony, aquarium_subvault_window,
          aquarium_subvault_bridge], aquarium_window_2, aquarium_window_1,
          aquarium_window_1, aquarium_view_2d
D:2:      layout_basic, uniq_crazy_yiuf_cottage

Skill      XL: |  1  2 |
---------------+-------+-----
Transmutations | 1 |  1.0
Earth Magic    | 4 |  4.2
Dodging        | |  1.5
Stealth        | |  2.1
Spellcasting   | |  2.4

Action                   || total
-------------------------++-------
Melee: Dagger            ||    39
 Cast: Sandblast         ||    11
       Passwall          ||     1
 Stab: Sleeping          ||     1
Armor: Robe              ||    18
Dodge: Dodged            ||    42

Table legend: (Time is in decaauts)
 A = Elapsed time spent in this place.
 B = Non-inter-level travel time spent in this place.
 C = Inter-level travel time spent in this place.
 D = Time resting spent in this place.
 E = Time spent auto-exploring this place.
 F = Levels seen in this place.
 G = Mean time per level.
                   A        B        C        D        E       F      G
               +--------+--------+--------+--------+--------+-----+--------+
         Total |   1017 |    977 |     40 |    343 |    290 |   2 |  508.5 |
       Dungeon |   1017 |    977 |     40 |    343 |    290 |   2 |  508.5 |
               +--------+--------+--------+--------+--------+-----+--------+

Top non-repeatable levels by time:
     D:1: 1008 daAuts
     D:2: 9 daAuts
